[Event "Seattle Classic Scholastic 2021"]
[Site "Chess.com"]
[Date "2021.08.29"]
[Round "4"]
[White "Razmov, Gabriel"]
[Black "Nallappa, Vijay"]
[Result "1-0"]
[ECO "B78"]
[WhiteElo "1480"]
[BlackElo "1484"]
[Annotator "Gabriel Razmov"]
[PlyCount "81"]
[EventDate "2021.??.??"]
[TimeControl "4500+30"]

1. e4 c5 2. Nf3 d6 3. d4 cxd4 4. Nxd4 Nf6 5. Nc3 g6 6. Be3 Bg7 7. f3 {This
move should be played here to avoid Knight jumps to g4, as well as to solidify
e4 and prepare g2-g4..} O-O 8. Bc4 Bd7 9. Qd2 Nc6 10. O-O-O Rc8 11. Bb3 Ne5 12.
Kb1 Nc4 {Forcing me to give up one of the Bishops. I decided that the
e3-Bishop would be more important in an upcoming attack.} 13. Bxc4 Rxc4 14. g4
a5 $6 {Possibly a mouse-slip, since a good move here is 14... a6 to help make
15... b5 with a queen-side counterattack possible.} 15. h4 h5 {This is pretty
much forced, since otherwise 16. h5! gxh5 17. g5 with 18. Rxh5 coming.} 16.
gxh5 {The only way to keep things open on the king-side.} Nxh5 17. Nde2 $1 {
A hard move to spot - it took me several minutes to see and calculate it - yet
a very intuitive one. This is multi-purpose, with the idea of 17... f5?? 18.
Qd5+, which can even occur on future moves.} Bxc3 $2 {I will spare a blunder
mark here, but a Dragon player should not exchange or give up their
dark-squared Bishop unless they win at least an exchange and still retain a
good position. Black had to think about how to prepare a queen-side expansion
involving a5-a4, b7-b5, etc.} 18. Nxc3 a4 19. Rdg1 {This move is also
multi-purpose, however there is a small flaw. Although this move prevents 19...
Ng3 and moves the Rook into the attack, the other Rook move was better.} (19.
Rhg1 {This move does the same things, however now the h-Rook is not blocked
behind the h-Pawn.}) 19... Qa5 $2 {Another mistake, but my opponent was
already in a bad position.} 20. Nd5 $2 {A common tactic, which is a mistake
here since there is a better move. Can you spot it?} (20. Rg5 $1 {and Black
may resign.} Qd8 21. Rxh5 $1 gxh5 22. Rg1+ Kh7 23. Rg5 {with 24. Qd5 to follow
and an unstoppable attack.}) 20... Qd8 $6 {Apparently, it was better to
exchange queens and give up the pawn. 20... Qxd2 21. Nxe7+ +-.} 21. Qe2 $6 {
A concrete idea, but the wrong one.} (21. Bb6 Qe8 22. Qh6 {and the Queen
penetrates with tempo.}) 21... b5 22. f4 Kh7 23. Rg5 $1 {After missing the
computer-suggested Rg5 idea for several moves, I finally find it.} f5 24. Rxh5+
Kg7 {White is up a full piece and winning. From this point on, my conversion
was quite sloppy, with several missed opportunities to win in faster ways. For
example, here somehow I forgot the winning 25. Qg2 I had prepared. The text
move is also really good, but the engine keeps pointing out faster wins.} (
24... gxh5 $4 25. Qxh5+ Kg7 26. Rg1#) 25. Rg5 Rh8 26. Qg2 Rxe4 27. Rxg6+ Kf8
28. Rg1 Be6 29. Qd2 $6 {29. Rxe6! wins another piece, due to 29... Rxe6 30.
Qg7+.} Bf7 (29... Bxd5 $2 30. Qxd5 Rxe3 $4 {does not work for Black due to} 31.
Rg8+) 30. R6g3 Qc8 31. Qc3 {Forcing a simplification.} Qxc3 32. Nxc3 Rc4 33.
Nxb5 Rxh4 34. Nc3 d5 35. Bd2 d4 36. Ne2 Rh2 37. R3g2 Rh3 38. b3 axb3 39. axb3
Rc7 40. Rg3 {The goal is to solidify the position and eliminate counterplay by
the opponent's active pieces.} Rh4 41. Nxd4 1-0

[Event "5th Annual Seattle Chess Classic"]
[Site "Chess.com"]
[Date "2021.08.14"]
[Round "4"]
[White "Shah, Paras"]
[Black "Xiao, David"]
[Result "0-1"]
[ECO "D02"]
[WhiteElo "1431"]
[BlackElo "1585"]
[Annotator "David Xiao"]
[PlyCount "130"]
[EventDate "2021.08.13"]
[EventType "swiss"]
[EventRounds "9"]
[TimeControl "4500+15"]

1. d4 d5 2. Nf3 Nc6 $6 {This disallows c5} (2... Nf6) 3. Bf4 Bf5 $5 {I don't
know this opening, so both moves are inaccurate.} (3... Bg4) 4. e3 Nf6 5. c3 $6
{This disallows his Knight hopping into c3.} e6 6. Bd3 Bg6 7. c4 $6 {He just
played c3, and now pushes c4, moving his pawn twice.} Ne4 $6 {dxc4 is best,
but I don't want to lose my central pawn.} 8. cxd5 exd5 $6 (8... Bb4+) 9. Nc3
Bb4 10. Rc1 O-O 11. O-O Bxc3 12. bxc3 Re8 13. c4 $6 Nb4 14. Bb1 c6 $2 {
Securing my central pawn, but it is a Mistake. (see move 16)} 15. Qb3 a5 16. a3
$2 (16. c5 {locks up the position, threatening a3 Qxb7} b5 17. cxb6 Qxb6 18. a3
c5 19. Rxc5 Nxc5 20. dxc5 Qxc5 21. axb4 Qxb4 {and 2 minor vs rook is losing
for me.}) 16... dxc4 17. Qxc4 Nd5 18. Bg3 b5 19. Qb3 (19. Qxc6 Re6 20. Qxb5
Ndc3 {Despite down 2 pawns, black is better.} 21. Qb2 Rb6 22. Qa1 Nxg3 {
And white have no space.}) 19... b4 20. Bxe4 Bxe4 21. Ne5 a4 22. Qb2 b3 {
Grabbing space} 23. Nxc6 $2 {Sacrificing my backward(weak) pawn to get more
development.} Qb6 24. Ne5 Rec8 25. Nc4 Qg6 26. h3 Bc2 27. Nd6 {An invasion} Rc6
28. e4 Nc3 $4 {My intuition was wrong. Just backing up with Ne2 was good. I
didn't really think this through.} 29. Rxc2 Nd1 (29... bxc2 {if I played this,
then...} 30. Qxc2 h6 31. Be5 Raa6 32. Nf5 $1 {forces my queen onto e6} Qe6 33.
d5 Qxe5 34. dxc6 Rxc6 {and at the end, white is up a pawn, with black having
no compensation. at least I still have the b pawn with 29...Nd1}) 30. Rxd1 Rxc2
{2 minor vs rook. and I'm down a pawn.} 31. Qb1 Qh5 32. e5 Rb2 33. Qxb2 $4 {
This is a BIG mistake. trading off pieces only makes me better because of my b
pawn.} Qxd1+ 34. Kh2 Qc2 {He must trade, and now my b(c) pawn wins.} 35. Qxc2
bxc2 36. Bf4 Rb8 37. Ne4 Rb1 38. Nc3 c1=Q 39. Bxc1 Rxc1 $13 {Knight and two
pawns versus Rook. An unclear position, Black is probably better.} 40. Nxa4 Rd1
41. Kg3 Rxd4 42. Nb2 Kf8 43. f4 Ke7 44. Kf3 Ke6 45. Ke3 Kd5 46. g3 Re4+ 47. Kd3
g5 {Breaking his pawn structure.} 48. fxg5 Rxe5 49. h4 Re1 50. Na4 Ra1 51. Nc3+
Ke5 52. a4 Kf5 53. Kc4 Kg4 54. Kb5 Kxg3 55. a5 {I was nervous because I see no
way to stop his pawn. Then I realized that I have to sacrifice my rook for his
pawn at the right moment.} Kxh4 56. a6 Kxg5 57. Na4 Rb1+ 58. Kc5 Rb8 59. Nb6 h5
60. a7 Rd8 61. Kc6 f5 62. Kc7 Rg8 63. Nc8 {The moment have come...} Rg7+ 64.
Kb8 Rxa7 $19 65. Kxa7 h4 {And his Knight is unable to defend the pawns.
Overall, this was a wild game where both of us got chances, but my opponent
was not successful in using them, and I came out on top.} 0-1

[Event "5th Annual Seattle Chess Classic"]
[Site "Chess.com"]
[Date "2021.08.14"]
[Round "6"]
[White "Bloom, Corey"]
[Black "Xiao, David"]
[Result "0-1"]
[ECO "A03"]
[WhiteElo "1780"]
[BlackElo "1585"]
[Annotator "David Xiao"]
[PlyCount "134"]
[EventDate "2021.08.13"]
[EventType "swiss"]
[EventRounds "9"]
[TimeControl "4500+15"]

1. f4 {The bird opening} d5 2. Nf3 Nc6 $6 {This disallows c5.} (2... c5 3. e3
Nc6 4. d4 Nf6 {White forms a "stonewall" pawn structure.} 5. c3) 3. e3 Nf6 4.
b3 Bf5 $5 (4... g6 5. Bb2 Bg7 6. Bb5 O-O {His dark squared bishop has no root.}
) 5. Bb5 e6 $6 (5... a6) 6. Ne5 $6 {Nd4 is better(I disagree with the engine,
which suggests Ne5.)} (6. Nd4) 6... Bd6 7. Bb2 $6 {Now he can't take my knight
on c6.} (7. Nxc6 bxc6 8. Bxc6+ Kf8) 7... Bxe5 8. fxe5 Nd7 9. O-O Qg5 10. Bxc6
$6 (10. Nc3 Ndxe5 11. Nxd5 exd5 12. Bxe5) 10... bxc6 11. d4 $4 {He spend 10
minutes on this move but still blundered a pawn. I didn't know the thinking
behind it, so I just took.} Qxe3+ 12. Rf2 Qg5 $2 13. Nd2 O-O 14. Nf3 Qe3 15.
Bc1 $6 {Loses control over c3} (15. Qf1 Bxc2 16. Qa6 {And white hangs on})
15... Qc3 16. Bd2 Qxc2 17. Qxc2 Bxc2 {Now I'm up 2 pawns, but the discovered
attack Bb4 wins my bishop.} 18. Bb4 Rfb8 19. Ba5 $4 (19. Rxc2 {Trading is
better, because then} Rxb4 20. Rxc6 {and white is more active while black is
defending.}) 19... Be4 20. Bxc7 Rc8 21. Bd6 Nf8 $4 {I was thinking to play Ng6,
but this is actually a bad move.} (21... c5 22. Ng5 Bf5) 22. Rc1 Ng6 23. Ng5
Bf5 24. Nxf7 $2 {One pawn is not enough. That just helps me trade pieces.} (24.
h3) 24... Kxf7 25. g4 Nh4 26. gxf5 Nxf5 {Good knight vs Bad bishop} 27. Bc5 g5
{Starting a pawn storm on the queenside.} 28. Kf1 Kg6 29. Ke2 h5 30. Kd3 g4 31.
Bb4 h4 32. Rg1 Kh5 33. Rfg2 Rg8 34. Bd2 g3 35. hxg3 Rxg3+ 36. Rxg3 hxg3 37. Be3
Rg8 {Kg4 is more simple.} (37... Kg4) 38. Ke2 g2 39. Bf2 Ng3+ 40. Kf3 Nf5 41.
Rxg2 Rxg2 42. Kxg2 Kg4 {Classic Good knight vs bad bishop.} 43. Kf1 Kf3 44. Ke1
Ke4 45. Kd2 Nxd4 46. Kc3 c5 47. b4 Nb5+ 48. Kb3 c4+ 49. Kc2 Kxe5 $6 (49... d4)
50. a4 a6 $1 {Only move to win!} (50... Nd4+ 51. Kc3 Ne2+) 51. axb5 axb5 52.
Kd2 d4 53. Be1 Ke4 54. Ke2 c3 55. Bg3 d3+ 56. Kd1 c2+ $6 (56... Ke3) 57. Kd2
Kd4 58. Bf4 Kc4 {My plan was to take his b pawn and go to a2.} 59. Bd6 e5 $4
$10 {I blundered.} (59... Kb3) 60. Bxe5 Kxb4 61. Kc1 $4 $19 {Andddd... he
blundered back.} (61. Bb2 Kb3 62. Bc1 $10) 61... Kc4 $4 $10 {Oops} 62. Ba1 $4
$19 {... ok he blundered again} (62. Kb2) 62... Kb3 63. Bc3 b4 64. Bd2 Ka3 65.
Be1 b3 66. Bc3 Ka2 67. Bd4 d2+ {0-1 White resigns. Overall, this was a wild
game where we blundered a lot, especially in the endgame.} 0-1